 Dungeon Crawl Stone Soup version 0.21-a0-364-gbd1fde4 (webtiles) character file.

280 Nerdlinger the Grave Robber (level 6, 0/43 HPs)
             Began as a Mummy Necromancer on Oct 14, 2017.
             Slain by a slave (8 damage)
             ... led by Pikel
             ... while paralysed by Pikel
             ... on level 4 of the Dungeon.
             The game lasted 00:09:12 (4481 turns).

Nerdlinger the Grave Robber (Mummy Necromancer)     Turns: 4481, Time: 00:09:13

Health: 0/43       AC:  2    Str: 14    XL:     6   Next: 5%
Magic:  3/12       EV:  2    Int: 14    God:
Gold:   96         SH:  0    Dex: 12    Spells: 5/13 levels left

rFire    x . .     SeeInvis .   q - +0 dagger (venom)
rCold    + . .     Gourm    .   (no shield)
rNeg     + + +     Faith    .   a - +0 robe
rPois    ∞         Spirit   .   (no helmet)
rElec    .         Reflect  .   j - scarf {cloud immunity}
rCorr    .         Harm     .   (no gloves)
MR       .....                  (no boots)
Stlth    ++........             k - amulet of magic regeneration
HPRegen  0.14/turn              (no ring)
MPRegen  0.38/turn              (no ring)

@: paralysed
A: no food or potions, fire vulnerability, cold resistance 1, negative energy
resistance 3, torment resistance, unbreathing
a: no special abilities


You were on level 4 of the Dungeon.
You were not hungry.

You visited 1 branch of the dungeon, and saw 4 of its levels.

You collected 96 gold pieces.

Inventory:

Hand Weapons
 c - a +0 mace
 e - a +1 club
 h - a +0 dagger of freezing
 l - a +0 hunting sling
 q - a +0 dagger of venom (weapon)
Missiles
 i - 54 sling bullets
Armour
 a - a +0 robe (worn)
 g - a +0 ring mail
 j - a scarf of cloud immunity (worn)
Magical Staves
 n - an uncursed staff of cold
Jewellery
 k - an amulet of magic regeneration (around neck)
Scrolls
 d - 2 scrolls of remove curse
 f - a scroll of enchant weapon
 m - a scroll of fog {unknown}
 o - a scroll of immolation {unknown}
 p - a scroll of teleportation {unknown}
 r - a scroll of blinking {unknown}
 s - a scroll of recharging
Books
 b - a book of Necromancy

   Spells                             Type                      Level
   a - Pain                           Necromancy                   1
   b - Animate Skeleton               Necromancy                   1
   c - Vampiric Draining              Necromancy                   3
   d - Regeneration                   Charms/Necromancy            3
   e - Animate Dead                   Necromancy                   4
   f - Control Undead                 Necromancy                   4


   Skills:
 + Level 1.5 Fighting
 + Level 1.2 Short Blades
 - Level 1.5 Dodging
 - Level 1.5 Stealth
 - Level 4.0 Spellcasting
 * Level 6.2 Necromancy


You had 5 spell levels left.
You knew the following spells:

 Your Spells              Type           Power        Failure   Level  Hunger
a - Pain                  Necr           ###.         1%          1    N/A
b - Vampiric Draining     Necr           ###.......   4%          3    N/A
c - Animate Dead          Necr           N/A          14%         4    N/A

Dungeon Overview and Level Annotations

Branches:
Dungeon (4/15)
 Temple: D:4-7

Altars:
The Shining One

Annotations:
D:4 Grinder, Pikel


Innate Abilities, Weirdness & Mutations

You do not eat or drink.
Your flesh is vulnerable to fire.
You are immune to poison.
Your flesh is cold resistant. (rC+)
You are immune to negative energy. (rN+++)
You are immune to unholy pain and torment.
You can survive without breathing.


Message History

You kill the slave!
That felt strangely unrewarding.
Pikel hits you with a whip of electrocution!
* * * LOW HITPOINT WARNING * * *
Your slave zombie closely misses Pikel.
Your iguana zombie bites the slave!
The slave dies!
Unknown command.
Pikel zaps a wand.
You suddenly lose the ability to move!
Your slave zombie hits Pikel.
Pikel hits your slave zombie with a whip of electrocution.
Lightning courses through your slave zombie!
Your slave zombie barely misses Pikel.
Your iguana zombie barely misses Pikel.
Grinder gestures at you.
You shrug off the repeated paralysis!
The slave hits you but does no damage.
Your iguana zombie bites the slave.
Grinder gestures at you. You resist with some effort.
Your slave zombie closely misses the slave.
The slave hits you!
You die...

#.#..###.###........###
.......................#
..#.....................
#......5........(.....#.
#........)..............
.........[...........##.
........................
........ZZ...........###
.......@p..............#
....?...K..........#...#
......$...<........#....
#..................###..
##.....#.....#.....# ##.
#############.....# ##
#######


You could see Pikel, Grinder, a slave, a friendly iguana zombie and a friendly
slave zombie.

Vanquished Creatures
  A slave (D:4)
  A hound (D:4)
  An orc wizard (D:4)
  An orc priest (D:4)
  A worker ant (D:4)
  A howler monkey skeleton (D:4)
  4 adders
  2 oozes (D:2)
  A worm (D:2)
  7 orcs
  13 goblins
  12 hobgoblins
  7 jackals
  5 kobolds
  A quokka (D:3)
  2 ball pythons
  7 bats
  9 frilled lizards
  9 rats
85 creatures vanquished.

Vanquished Creatures (collateral kills)
  2 slaves (D:4)
  An iguana (D:4)
3 creatures vanquished.

Vanquished Creatures (others)
  A giant cockroach (D:4)
1 creature vanquished.

Grand Total: 89 creatures vanquished

Notes
Turn   | Place    | Note
-------+----------+-------------------------------------------
     0 | D:1      | Nerdlinger the Mummy Necromancer began the quest for the Orb.
     0 | D:1      | Reached XP level 1. HP: 13/13 MP: 4/4
   253 | D:1      | Reached XP level 2. HP: 19/19 MP: 0/6
  1397 | D:2      | Reached XP level 3. HP: 24/24 MP: 2/7
  1620 | D:2      | Reached skill level 5 in Necromancy
  2201 | D:2      | Reached XP level 4. HP: 30/30 MP: 5/9
  2495 | D:3      | Found a glowing golden altar of the Shining One.
  2586 | D:3      | Learned a level 3 spell: Vampiric Draining
  2591 | D:3      | Learned a level 4 spell: Animate Dead
  2977 | D:3      | Found a faded altar of an unknown god.
  3819 | D:4      | Noticed a slave
  3820 | D:4      | Noticed a slave
  3833 | D:4      | Reached XP level 5. HP: 10/36 MP: 5/11
  4080 | D:4      | Reached skill level 1 in Fighting
  4105 | D:4      | Noticed Grinder
  4124 | D:4      | Reached skill level 1 in Short Blades
  4124 | D:4      | Reached skill level 6 in Necromancy
  4125 | D:4      | HP: 1/37 [orc/dagger (1)]
  4428 | D:4      | Reached XP level 6. HP: 40/43 MP: 2/12
  4458 | D:4      | Noticed a slave
  4459 | D:4      | Noticed Pikel
  4461 | D:4      | Noticed a slave
  4463 | D:4      | Paralysed by Pikel for 3 turns
  4465 | D:4      | Killed a slave
  4477 | D:4      | Killed a slave
  4477 | D:4      | Killed a slave
  4478 | D:4      | Paralysed by Pikel for 4 turns
  4481 | D:4      | Slain by a slave

Vault maps used:
D:1:      tarquinn_simple_flora_water_f
D:3:      chequers_ecumenical_altar_simple, first_bread, tso_altar
D:4:      minmay_crystal_water, corner_web_ring, elyvilon_altar_4, uniq_grinder,
          uniq_pikel

Skill      XL: |  1  2  3  4  5 |
---------------+----------------+-----
Spellcasting   | 3 4 |  4.0
Necromancy     | 5 6 |  6.2
Fighting       | 1 |  1.5
Short Blades   | 1 |  1.2
Dodging        | |  1.5
Stealth        | |  1.5

Action                   |  1- 3 |  4- 6 || total
-------------------------+-------+-------++-------
Melee: Club              |     7 |       ||     7
       Dagger            |       |    20 ||    20
 Cast: Pain              |    88 |    88 ||   176
       Animate Dead      |       |     6 ||     6
       Vampiric Draining |       |     3 ||     3
  Use: Scroll            |     4 |       ||     4
Armor: Robe              |     8 |    10 ||    18
Dodge: Dodged            |    28 |    36 ||    64

Table legend:
 A = Spawn XP
 B = Non-spawn XP
 C = Spawn XP percentage of total XP
 D = Spawn monster count
 E = Non-spawn monster count
 F = Spawn count percentage of total count
 G = Total turns spent on level
                    A         B        C        D         E        F      G
               +---------+---------+-------+---------+---------+-------+---------
         Total |       0 |     401 |   0.0 |       0 |      85 |   0.0 |  4481
               +---------+---------+-------+---------+---------+-------+---------
           D:1 |       0 |      38 |   0.0 |       0 |      26 |   0.0 |  1393
           D:2 |       0 |      81 |   0.0 |       0 |      19 |   0.0 |  1078
           D:3 |       0 |      55 |   0.0 |       0 |      25 |   0.0 |  1277
           D:4 |       0 |     227 |   0.0 |       0 |      15 |   0.0 |   733
               +---------+---------+-------+---------+---------+-------+---------
